General information
- name: BNet
- type: Ladder team game (AT/RT)
- host: Battle.net
- saver: PLEASEDONTGO
map: TwistedMeadows
- players: 4
- length: 59:28
- speed: Fast
- version: 1.23 W3XP
- replay type: Public
» download(291 KB)
Players
team 1 (loser)
el_desmadre (
orange | 71 APM | 4209 actions | 59:26)
6 Tauren Chieftain
3 Endurance Aura
2 Shockwave
1 Reincarnation
6 Blademaster
1 Wind Walk
3 Critical Strike
1 Mirror Image
1 Bladestorm
» actions
| Assign group hotkey | 28 | |
| Basic commands | 162 | |
| Build / train | 121 | |
| Enter build submenu | 27 | |
| Enter hero's abilities submenu | 12 | |
| Give item / drop item | 3 | |
| Remove unit from queue | 1 | |
| Right click | 2013 | |
| Select / deselect | 634 | |
| Select group hotkey | 1075 | |
| Use ability | 133 | |
4209 total
» units
| Peon | 20 | |
| Grunt | 11 | |
| Demolisher | 3 | |
| Troll Batrider | 35 | |
| Raider | 11 | |
| Goblin Zeppelin | 1 | |
81 total
» upgrades
| Armor | 2 | |
| Melee Weapons | 1 | |
| Berserker Strength | 1 | |
| Pillage | 1 | |
| Shaman Training | 2 | |
| Ranged Weapons | 2 | |
| Ensnare | 1 | |
| Burning Oil | 1 | |
| Liquid Fire | 1 | |
| Reinforced Defenses | 1 | |
13 total
» buildings
| Orc Burrow | 6 | |
| Altar of Storms | 1 | |
| Barracks | 1 | |
| Voodoo Lounge | 2 | |
| War Mill | 1 | |
| Stronghold | 4 | |
| Spirit Lodge | 1 | |
| Beastiary | 3 | |
| Fortress | 1 | |
| Watch Tower | 11 | |
31 total
» build order
00:09 Orc Burrow
00:17 Altar of Storms
00:30 Barracks
01:21 Orc Burrow
01:58 Voodoo Lounge
03:36 War Mill
04:05 Stronghold
04:05 Stronghold
04:05 Stronghold
05:10 Orc Burrow
06:45 Spirit Lodge
07:45 Beastiary
08:39 Orc Burrow
08:45 Beastiary
09:27 Fortress
10:27 Watch Tower
10:36 Watch Tower
10:44 Watch Tower
11:34 Orc Burrow
16:02 Beastiary
18:19 Watch Tower
18:22 Watch Tower
19:28 Watch Tower
19:54 Watch Tower
20:32 Voodoo Lounge
20:46 Watch Tower
21:06 Watch Tower
21:53 Watch Tower
22:08 Watch Tower
22:36 Orc Burrow
» items
| Healing Salve | 1 | |
| Scroll of Speed | 1 | |
| Orb of Lightning | 2 | |
| Tiny Great Hall | 1 | |
| Scroll of Town Portal | 2 | |
7 total
HoOcKeRs (
yellow | 87 APM | 5174 actions | 59:18)
6 Archmage
3 Summon Water Elemental
2 Brilliance Aura
1 Mass Teleport
4 Mountain King
2 Storm Bolt
2 Bash
3 Paladin
2 Holy Light
1 Divine Shield
» actions
| Assign group hotkey | 64 | |
| Basic commands | 425 | |
| Build / train | 215 | |
| ESC pressed | 6 | |
| Enter build submenu | 83 | |
| Enter hero's abilities submenu | 13 | |
| Give item / drop item | 6 | |
| Right click | 1754 | |
| Select / deselect | 1080 | |
| Select group hotkey | 1217 | |
| Use ability | 311 | |
5174 total
» units
| Peasant | 48 | |
| Footman | 6 | |
| Mortar Team | 17 | |
| Flying Machine | 10 | |
| Siege Engine | 11 | |
| Goblin Shredder | 3 | |
| Goblin Zeppelin | 1 | |
96 total
» upgrades
| Masonry | 3 | |
| Lumber Harvesting | 3 | |
| Gunpowder | 2 | |
| Armor | 2 | |
| Fragmentation Shards | 1 | |
| Flare | 1 | |
| Flying Machine Bombs | 1 | |
| Flak Cannons | 2 | |
| Barrage | 1 | |
| Magic Sentry | 1 | |
| Plating | 1 | |
18 total
» buildings
| Farm | 16 | |
| Altar of Kings | 1 | |
| Barracks | 1 | |
| Lumber Mill | 1 | |
| Arcane Vault | 3 | |
| Blacksmith | 2 | |
| Scout Tower | 65 | |
| Guard Tower | 41 | |
| Arcane Tower | 10 | |
| Keep | 1 | |
| Town Hall | 5 | |
| Castle | 1 | |
| Workshop | 4 | |
| Cannon Tower | 3 | |
| Arcane Sanctum | 1 | |
155 total
» build order
00:08 Farm
00:11 Altar of Kings
00:35 Barracks
00:56 Farm
02:12 Farm
04:07 Lumber Mill
04:14 Arcane Vault
04:15 Farm
04:17 Blacksmith
04:19 Blacksmith
04:28 Farm
04:42 Farm
05:15 Farm
05:20 Farm
06:25 Farm
06:45 Farm
06:49 Scout Tower
06:49 Scout Tower
07:19 Guard Tower
07:21 Scout Tower
07:21 Scout Tower
07:52 Scout Tower
07:53 Scout Tower
07:57 Scout Tower
08:02 Scout Tower
08:04 Arcane Tower
08:06 Guard Tower
08:08 Scout Tower
08:09 Scout Tower
08:24 Guard Tower
08:24 Guard Tower
08:25 Guard Tower
08:34 Arcane Tower
08:39 Guard Tower
08:52 Scout Tower
09:17 Arcane Tower
09:24 Arcane Tower
09:26 Guard Tower
09:54 Keep
10:01 Scout Tower
10:02 Scout Tower
10:03 Scout Tower
10:27 Guard Tower
10:29 Arcane Tower
10:33 Guard Tower
10:43 Town Hall
10:51 Farm
10:52 Farm
10:53 Farm
11:03 Scout Tower
11:04 Scout Tower
11:06 Scout Tower
11:31 Scout Tower
11:36 Guard Tower
11:41 Scout Tower
11:42 Scout Tower
11:43 Scout Tower
11:45 Farm
11:46 Farm
11:57 Guard Tower
11:58 Guard Tower
11:59 Guard Tower
11:59 Guard Tower
12:41 Guard Tower
13:14 Guard Tower
13:31 Castle
13:33 Workshop
13:35 Workshop
13:38 Workshop
13:41 Workshop
13:45 Guard Tower
14:12 Guard Tower
15:25 Scout Tower
15:26 Scout Tower
17:49 Farm
17:55 Scout Tower
17:56 Scout Tower
17:58 Scout Tower
17:58 Scout Tower
17:58 Scout Tower
17:59 Scout Tower
17:59 Scout Tower
18:39 Guard Tower
19:02 Scout Tower
19:02 Scout Tower
19:06 Guard Tower
19:07 Cannon Tower
19:38 Scout Tower
19:39 Scout Tower
19:39 Scout Tower
19:39 Scout Tower
19:54 Scout Tower
20:06 Scout Tower
20:12 Guard Tower
20:13 Guard Tower
20:27 Arcane Tower
20:28 Arcane Tower
20:41 Guard Tower
20:47 Guard Tower
20:47 Guard Tower
20:47 Guard Tower
20:47 Guard Tower
24:58 Town Hall
25:01 Scout Tower
25:02 Scout Tower
25:08 Scout Tower
25:12 Scout Tower
25:12 Scout Tower
25:15 Scout Tower
25:32 Guard Tower
26:41 Guard Tower
26:44 Scout Tower
26:45 Scout Tower
26:45 Scout Tower
26:45 Scout Tower
27:36 Cannon Tower
27:44 Cannon Tower
28:45 Arcane Tower
30:33 Town Hall
35:15 Arcane Sanctum
36:35 Scout Tower
37:07 Arcane Tower
39:59 Town Hall
42:20 Scout Tower
42:20 Scout Tower
42:22 Scout Tower
42:23 Scout Tower
42:23 Scout Tower
42:24 Scout Tower
43:02 Guard Tower
45:24 Scout Tower
45:25 Scout Tower
45:27 Scout Tower
45:29 Scout Tower
45:31 Scout Tower
45:57 Guard Tower
46:21 Arcane Vault
46:25 Guard Tower
47:13 Arcane Vault
47:20 Arcane Tower
47:29 Town Hall
48:19 Guard Tower
50:01 Scout Tower
50:02 Scout Tower
50:02 Scout Tower
50:03 Scout Tower
51:29 Guard Tower
52:04 Guard Tower
54:54 Guard Tower
» items
| Scroll of Regeneration | 4 | |
| Lesser Clarity Potion | 1 | |
| Potion of Healing | 3 | |
| Orb of Fire | 1 | |
| Potion of Mana | 1 | |
| Scroll of Town Portal | 1 | |
| Scroll of Protection | 1 | |
| Potion of Lesser Invulnerability | 1 | |
| Mechanical Critter | 2 | |
15 total
team 2 (winner)
aE.GatoRade. (
red | 78 APM | 4658 actions | 59:27)
8 Blademaster
3 Wind Walk
3 Critical Strike
1 Bladestorm
1 Mirror Image
» actions
| Assign group hotkey | 15 | |
| Basic commands | 5 | |
| Build / train | 131 | |
| ESC pressed | 8 | |
| Enter build submenu | 110 | |
| Enter hero's abilities submenu | 8 | |
| Give item / drop item | 15 | |
| Right click | 3024 | |
| Select / deselect | 871 | |
| Select group hotkey | 148 | |
| Use ability | 323 | |
4658 total
» units
| Peon | 25 | |
| Wind Rider | 13 | |
| Goblin Zeppelin | 2 | |
| Troll Batrider | 9 | |
| Raider | 8 | |
57 total
» upgrades
| Spiked Barricades | 1 | |
| Ranged Weapons | 1 | |
| Armor | 1 | |
| Reinforced Defenses | 1 | |
| Liquid Fire | 1 | |
| Ensnare | 1 | |
| Melee Weapons | 1 | |
7 total
» buildings
| Altar of Storms | 1 | |
| Orc Burrow | 8 | |
| Voodoo Lounge | 2 | |
| War Mill | 3 | |
| Watch Tower | 80 | |
| Stronghold | 2 | |
| Beastiary | 4 | |
| Great Hall | 3 | |
| Fortress | 1 | |
104 total
» build order
00:07 Altar of Storms
00:20 Orc Burrow
00:36 Voodoo Lounge
01:18 War Mill
02:30 Watch Tower
02:32 Watch Tower
02:36 Watch Tower
03:59 Stronghold
04:14 Orc Burrow
04:16 Watch Tower
05:08 Orc Burrow
05:13 Watch Tower
05:14 Watch Tower
05:54 Watch Tower
06:08 Orc Burrow
06:48 Beastiary
06:49 Beastiary
07:58 Watch Tower
12:38 Great Hall
12:40 Watch Tower
13:59 Watch Tower
14:33 Fortress
15:21 Watch Tower
15:39 Watch Tower
16:34 Watch Tower
16:35 Watch Tower
16:38 Watch Tower
16:43 Watch Tower
16:45 Watch Tower
17:50 Watch Tower
17:51 Watch Tower
17:56 Watch Tower
17:57 Watch Tower
17:59 Watch Tower
18:02 Watch Tower
19:54 Watch Tower
19:55 Watch Tower
19:57 Watch Tower
20:21 Watch Tower
22:04 Watch Tower
22:05 Watch Tower
22:51 Watch Tower
22:53 Watch Tower
22:54 Watch Tower
23:01 Watch Tower
23:03 Watch Tower
23:06 Watch Tower
24:15 Watch Tower
24:17 Watch Tower
24:19 Watch Tower
25:23 Watch Tower
25:25 Watch Tower
25:27 Watch Tower
26:19 Watch Tower
26:41 Watch Tower
27:04 Watch Tower
27:05 Orc Burrow
27:43 War Mill
28:25 Orc Burrow
28:29 Orc Burrow
29:07 Watch Tower
29:38 Orc Burrow
30:22 Watch Tower
30:26 Stronghold
31:28 Watch Tower
35:53 Great Hall
35:56 Watch Tower
35:58 Watch Tower
36:06 Watch Tower
36:07 Watch Tower
37:11 Watch Tower
37:12 Watch Tower
37:15 Watch Tower
37:17 Watch Tower
38:59 Beastiary
39:01 Beastiary
39:16 Watch Tower
40:00 Watch Tower
40:32 Watch Tower
40:35 Watch Tower
41:24 Watch Tower
41:54 Voodoo Lounge
43:10 Watch Tower
43:11 Watch Tower
43:12 Watch Tower
46:33 Watch Tower
47:39 Watch Tower
47:40 Watch Tower
47:41 Watch Tower
47:55 Great Hall
48:18 Watch Tower
48:21 Watch Tower
49:12 Watch Tower
49:13 Watch Tower
49:14 Watch Tower
49:15 Watch Tower
52:21 War Mill
54:09 Watch Tower
54:10 Watch Tower
55:02 Watch Tower
58:11 Watch Tower
58:12 Watch Tower
59:12 Watch Tower
59:16 Watch Tower
» items
| Healing Salve | 9 | |
| Lesser Clarity Potion | 16 | |
| Boots of Speed | 1 | |
| Staff of Teleportation | 1 | |
| Potion of Mana | 7 | |
| Potion of Healing | 8 | |
| Orb of Lightning | 1 | |
| Potion of Lesser Invulnerability | 4 | |
| Scroll of Regeneration | 6 | |
| Scroll of Town Portal | 1 | |
| Scroll of Healing | 1 | |
55 total
PLEASEDONTGO (
teal | 43 APM | 2566 actions | 59:28)
9 Goblin Tinker
3 Pocket Factory
3 Engineering Upgrade
1 Robo-Goblin
2 Cluster Rockets
» actions
| Assign group hotkey | 30 | |
| Basic commands | 35 | |
| Build / train | 140 | |
| Enter build submenu | 50 | |
| Enter hero's abilities submenu | 9 | |
| Give item / drop item | 2 | |
| Remove unit from queue | 1 | |
| Right click | 1370 | |
| Select / deselect | 444 | |
| Select group hotkey | 224 | |
| Use ability | 260 | |
2566 total
» units
| Peasant | 20 | |
| Dragonhawk Rider | 6 | |
| Goblin Zeppelin | 2 | |
| Gryphon Rider | 8 | |
36 total
» upgrades
| Masonry | 3 | |
| Cloud | 1 | |
| Magic Sentry | 1 | |
| Armor | 3 | |
| Animal War Training | 1 | |
| Storm Hammers | 1 | |
| Swords | 3 | |
13 total
» buildings
| Altar of Kings | 1 | |
| Lumber Mill | 1 | |
| Farm | 10 | |
| Scout Tower | 46 | |
| Arcane Tower | 4 | |
| Guard Tower | 35 | |
| Arcane Vault | 1 | |
| Keep | 2 | |
| Castle | 1 | |
| Gryphon Aviary | 2 | |
| Town Hall | 5 | |
| Barracks | 1 | |
| Arcane Sanctum | 1 | |
| Blacksmith | 1 | |
| Workshop | 2 | |
113 total
» build order
00:08 Altar of Kings
00:11 Lumber Mill
00:29 Farm
00:30 Farm
00:45 Scout Tower
01:32 Arcane Tower
02:01 Scout Tower
02:02 Scout Tower
02:05 Scout Tower
02:05 Scout Tower
02:41 Guard Tower
02:41 Guard Tower
03:16 Guard Tower
03:22 Scout Tower
03:23 Scout Tower
03:26 Scout Tower
03:27 Scout Tower
03:29 Scout Tower
03:36 Arcane Vault
04:06 Guard Tower
04:06 Guard Tower
04:08 Keep
04:08 Keep
04:25 Guard Tower
04:25 Guard Tower
04:39 Guard Tower
05:28 Guard Tower
05:29 Guard Tower
05:34 Scout Tower
05:35 Scout Tower
05:40 Scout Tower
05:42 Scout Tower
05:43 Scout Tower
06:04 Guard Tower
06:20 Guard Tower
06:33 Guard Tower
06:37 Castle
07:41 Arcane Tower
07:42 Guard Tower
07:58 Gryphon Aviary
07:59 Gryphon Aviary
09:34 Farm
09:35 Farm
09:37 Farm
09:38 Farm
09:44 Farm
09:45 Farm
09:47 Farm
09:48 Farm
13:09 Town Hall
13:11 Scout Tower
13:12 Scout Tower
13:14 Scout Tower
13:15 Scout Tower
13:17 Scout Tower
13:18 Scout Tower
13:19 Scout Tower
13:19 Scout Tower
13:22 Scout Tower
13:23 Scout Tower
13:45 Arcane Tower
13:45 Arcane Tower
13:48 Guard Tower
13:48 Guard Tower
13:49 Guard Tower
13:49 Guard Tower
13:59 Guard Tower
14:10 Guard Tower
14:30 Barracks
14:37 Guard Tower
14:38 Guard Tower
15:29 Arcane Sanctum
15:34 Guard Tower
15:47 Blacksmith
22:39 Workshop
23:49 Scout Tower
23:49 Scout Tower
23:51 Scout Tower
23:53 Scout Tower
23:53 Scout Tower
23:55 Scout Tower
23:56 Scout Tower
23:58 Scout Tower
24:01 Scout Tower
24:02 Scout Tower
24:03 Scout Tower
24:04 Scout Tower
24:05 Scout Tower
24:06 Scout Tower
24:22 Guard Tower
24:23 Guard Tower
24:34 Guard Tower
25:05 Guard Tower
25:14 Guard Tower
25:27 Guard Tower
27:27 Guard Tower
27:27 Guard Tower
30:44 Scout Tower
30:44 Scout Tower
30:45 Scout Tower
30:48 Scout Tower
30:50 Scout Tower
30:51 Scout Tower
30:52 Scout Tower
31:26 Workshop
32:17 Guard Tower
38:00 Town Hall
40:48 Town Hall
42:01 Town Hall
45:35 Town Hall
» items
| Healing Salve | 2 | |
| Potion of Healing | 3 | |
| Scroll of Regeneration | 16 | |
| Lesser Clarity Potion | 2 | |
| Scroll of Town Portal | 7 | |
| Staff of Sanctuary | 2 | |
| Orb of Fire | 1 | |
| Potion of Mana | 1 | |
34 total
Chat log
(00:14 / Allies) aE.GatoRade.: gaying it up
(00:16 / Allies) PLEASEDONTGO: k
(01:08 / Allies) PLEASEDONTGO: ultramagnetic
(01:46 / All) aE.GatoRade.: HOW BLUE CAN I GET YOU COULD ASK MY HEART WHEN LIFE A JIGSAW PUZZLE THATS BEEN TORN APART A BILLION WORDS COULDNT SAY JUST HOW
(01:56 / All) aE.GatoRade.: I FEEL A MILLION YEARS FROM NOW ULL KNOW ILL BE LOVIN U STILLLLL
(02:10 / All) PLEASEDONTGO: your so romantic mike!
(02:34 / Allies) PLEASEDONTGO: mekka gob
(02:46 / Allies) aE.GatoRade.: this hmn
(02:48 / Allies) aE.GatoRade.: thinks hes pro
(03:02 / Allies) PLEASEDONTGO: hes bad
(03:08 / Allies) PLEASEDONTGO: really bad
(03:09 / Allies) PLEASEDONTGO: rofl
(03:10 / Allies) PLEASEDONTGO: wow
(05:13 / Allies) PLEASEDONTGO: hes really quite the wanna be gosu
(05:18 / Allies) PLEASEDONTGO: do you think he'll cry?
(05:20 / Allies) aE.GatoRade.: u c
(05:22 / Allies) aE.GatoRade.: the little back?
(05:24 / Allies) aE.GatoRade.: block*
(05:24 / Allies) aE.GatoRade.: lewl
(05:27 / Allies) aE.GatoRade.: i cant wait to rape this fag
(07:03 / All) HoOcKeRs: lol
(07:23 / Allies) aE.GatoRade.: he just blockd himself
(07:25 / Allies) aE.GatoRade.: if he tps wrong
(08:57 / All) HoOcKeRs: lol
(08:58 / All) HoOcKeRs: hahaha
(09:18 / Allies) PLEASEDONTGO: wow that kid is a real phag
(11:49 / Allies) PLEASEDONTGO: we can rape that
(11:51 / Allies) PLEASEDONTGO: i got cloud
(12:47 / Allies) PLEASEDONTGO: +9
(13:18 / Allies) aE.GatoRade.: bring peas
(14:01 / Allies) PLEASEDONTGO: lol
(17:37 / Allies) aE.GatoRade.: here
(17:38 / Allies) aE.GatoRade.: take this
(18:12 / Allies) PLEASEDONTGO: creep that
(18:23 / Allies) PLEASEDONTGO: ew
(18:24 / Allies) PLEASEDONTGO: bats
(20:32 / Allies) PLEASEDONTGO: go together
(23:31 / All) PLEASEDONTGO: skillfully done
(23:35 / All) PLEASEDONTGO: me!!!
(23:36 / All) PLEASEDONTGO: LOL!!
(25:07 / Allies) aE.GatoRade.: lmfao
(25:19 / Allies) PLEASEDONTGO: come
(32:23 / Allies) aE.GatoRade.: damn
(33:47 / Allies) PLEASEDONTGO: scout them
(36:52 / All) PLEASEDONTGO: isnt it cool that tinker keeps a tank in his backpack??????????
(37:00 / All) HoOcKeRs: come lammer
(37:04 / Allies) aE.GatoRade.: lumber me
(37:05 / All) PLEASEDONTGO: lammer?
(37:10 / All) HoOcKeRs: no?¿
(37:13 / All) PLEASEDONTGO: lamer*
(37:48 / Allies) PLEASEDONTGO: plz
(38:06 / Allies) PLEASEDONTGO: g0ld
(38:10 / Allies) aE.GatoRade.: i have none
(38:15 / Allies) PLEASEDONTGO: -_-
(38:33 / Allies) aE.GatoRade.: cancel
(38:33 / Allies) aE.GatoRade.: expo
(44:11 / Allies) PLEASEDONTGO: ty
(45:12 / Allies) aE.GatoRade.: omg
(45:13 / Allies) aE.GatoRade.: jill
(45:15 / Allies) aE.GatoRade.: wut di du do
(45:19 / Allies) aE.GatoRade.: u noob
(45:26 / Allies) PLEASEDONTGO: i didnt know
(45:26 / Allies) PLEASEDONTGO: ;s
(45:46 / Allies) aE.GatoRade.: lets c
(45:47 / Allies) aE.GatoRade.: how broke
(45:49 / Allies) aE.GatoRade.: bm is
(48:18 / Allies) PLEASEDONTGO: 100g
(48:33 / Allies) aE.GatoRade.: we need a a damns tubn
(48:34 / Allies) aE.GatoRade.: stun
(49:50 / All) aE.GatoRade.: ZZZZZZZ
(50:25 / Allies) PLEASEDONTGO: wheres the raiders at
(50:32 / Allies) aE.GatoRade.: i was busy
(51:35 / Allies) aE.GatoRade.: ill brt
(54:08 / All) PLEASEDONTGO: leave nerds
(55:09 / Allies) aE.GatoRade.: readt
(55:12 / Allies) aE.GatoRade.: to rape
(55:13 / Allies) aE.GatoRade.: this main
(55:23 / Allies) PLEASEDONTGO: gold more important
(56:37 / All) aE.GatoRade.: NOOBS DOWN
(56:38 / All) aE.GatoRade.: GATOR UP
(56:58 / Allies) aE.GatoRade.: im out
(57:41 / All) aE.GatoRade.: U CANNOT WIN
(57:44 / All) aE.GatoRade.: SCOUT THE BOTTOM RIGHT
(57:45 / All) aE.GatoRade.: ERR
(57:45 / All) aE.GatoRade.: LEFT
(57:46 / All) aE.GatoRade.: PLZ
(57:50 / All) aE.GatoRade.: THEN THE TOP LEFT
(57:52 / All) aE.GatoRade.: THEN THE TOP RIGHT
(57:54 / All) aE.GatoRade.: UR FUCKING GARBAGE
(57:56 / All) aE.GatoRade.: GET THE FUCK OUT
(58:01 / All) PLEASEDONTGO: yo yellow
(58:05 / All) PLEASEDONTGO: try harder plz
(58:07 / All) PLEASEDONTGO: you suck
(58:08 / All) PLEASEDONTGO: roflroflrofl
(59:17 / All) HoOcKeRs: gg i have no more time for nnoobs
(59:21 / All) PLEASEDONTGO: rofl
(59:22 / All) aE.GatoRade.: LOLOL
(59:22 / All) PLEASEDONTGO: raped
(59:23 / All) aE.GatoRade.: NOOBS DOWN
(59:23 / All) PLEASEDONTGO: RAPED
(59:24 / All) PLEASEDONTGO: RAPED
(59:26 / All) aE.GatoRade.: NOOB